 Dungeon Crawl Stone Soup version 0.31-a0-889-g1a8549509d (webtiles) character file.

Game seed: 1258306452622419677

593 Dirtsage the Ruffian (level 7, -3/46 HPs)
             Began as an Octopode Shapeshifter on Oct 16, 2023.
             Slain by a centaur (6 damage)
             ... on level 4 of the Dungeon.
             The game lasted 00:04:08 (3248 turns).

Dirtsage the Ruffian (Octopode Shapeshifter)        Turns: 3248, Time: 00:04:08

Health: -3/46      AC:  1    Str: 21    XL:     7   Next: 39%
Magic:  7/7        EV: 13    Int: 13    God:
Gold:   148        SH:  0    Dex: 11    Spells: 6/6 levels left

rFire   . .          .
                       - Unarmed
rCold   . . .        (no shield)
rNeg    . . .        (helmet currently unavailable)
rPois   .            (no amulet)
rElec   .            l - +6 ring of strength
rCorr   .            (no ring)
SInv    .            (no ring)
Will    .....        (no ring)
Stlth   ++           (no ring)
HPRegen 0.27/turn    (no ring)
MPRegen 0.10/turn    (no ring)
                     (no ring)

%: no passive effects
@: beast-form
A: beast (slay +3), almost no armour, amphibious, 8 rings, camouflage 1,
gelatinous body 1, (nimble swimmer 1), tentacles
a: Begin Untransformation


You were on level 4 of the Dungeon.
You were a hulking beast.
You visited 1 branch of the dungeon, and saw 4 of its levels.

You collected 148 gold pieces.

Inventory:

Jewellery
 j - a ring of ice
 l - a +6 ring of strength (left tentacle)
Talismans
 b - a beast talisman (active)
 c - a flux talisman
Wands
 n - a wand of polymorph (9)
Scrolls
 g - 3 scrolls of blinking {unknown}
 k - a scroll of brand weapon {unknown}
 m - a scroll of enchant armour {unknown}
 o - 2 scrolls of identify {unknown}
 p - 3 scrolls of teleportation {unknown}
 q - a scroll of fear {unknown}
 r - 2 scrolls of fog {unknown}
Potions
 a - 2 potions of lignification
 d - a potion of degeneration {unknown}
 e - a potion of heal wounds {unknown}
 f - 2 potions of haste {unknown}
 h - 2 potions of might {unknown}
 i - 2 potions of resistance {unknown}
 s - 2 potions of attraction {unknown}


   Skills:
 + Level 3.4 Fighting
 - Level 2.0 Dodging
 * Level 5.7 Unarmed Combat
 * Level 5.3 Shapeshifting


You had 6 spell levels left.
You didn't know any spells.
Your spell library contained the following spells:

 Spells                   Type           Power      Damage    Failure   Level
 Volatile Blastmotes      Fire/Tloc      0%         2d10      67%         3
 Fulminant Prism          Conj/Hex       0%         3d5       97%         4
 Iskenderun's Mystic Bla  Conj/Tloc      0%         2d3       97%         4
 Olgreb's Toxic Radiance  Pois           0%         N/A       97%         4
 Discord                  Hex            0%         N/A       100%        8
 Ignition                 Fire           0%         3d3       100%        8


Dungeon Overview and Level Annotations

Branches:
Dungeon (4/15)
 Temple: D:4-7

Altars:
Yredelemnul


Innate Abilities, Weirdness & Mutations

You are a hulking beast.
Your limbs bulge with bestial killing power. (Slay +3)
You cannot wear most types of armour.
You are amphibious.
You can wear up to eight rings at the same time.
Your skin changes colour to match your surroundings (Stealth+).
Your rubbery body absorbs attacks. (AC +1, EV +1)
((You are camouflaged when in or above water. (Stealth+)))
You have tentacles for arms and can constrict up to eight enemies at once.


Message History

You take 8 damage, and have 34/46 hp.
You tentacle-slap the sleepcap but do no damage.
The sleepcap is severely damaged.
You constrict the sleepcap. The sleepcap releases spores at you.
You are engulfed in a cloud of soporific spores!
You fall asleep.
You lose your grip on the sleepcap.
The sleepcap releases spores at you!
You wake up.
You take 18 damage, and have 16/46 hp.
MASSIVE DAMAGE!!
You tentacle-slap the sleepcap. You grab the sleepcap.
The sleepcap is almost destroyed.
You constrict the sleepcap.
You destroy the sleepcap!
A centaur is nearby!
You regained 5 hp, and now have 21/46 hp.
The centaur shouts!
The centaur wields a +0 shortbow.
The centaur shoots an arrow.
The arrow hits you!
* * * LOW HITPOINT WARNING * * *
Things that are here:
a +0 short sword; a kobold corpse The centaur shoots an arrow.
The arrow hits you!
* * * LOW HITPOINT WARNING * * *
You take 15 damage, and have 6/46 hp.
MASSIVE DAMAGE!!
The centaur unwields a +0 shortbow.
The centaur barely misses you. The centaur kicks you.
* * * LOW HITPOINT WARNING * * *
You take 1 damage, and have 5/46 hp.
You bludgeon the centaur!
The centaur is heavily wounded.
The centaur hits you.
* * * LOW HITPOINT WARNING * * *
The centaur kicks you.
* * * LOW HITPOINT WARNING * * *
You take 3 damage, and have 2/46 hp.
You bludgeon the centaur!
The centaur is almost dead.
The centaur hits you but does no damage.
The centaur misses you. The centaur hits you.
You die...

#......# #.#
#####..#################
#####...## ........#.
##.....###......... #####
#.......##.........
....####.....###.........
#.....###...## #.........
##......###.####.........
#...#.........).hc.......
......#....#####.........
########..## ##........
#...# ##.....#. #...#
..#### ##..## ..# #...#
..# #...# ..# ##...#


You could see a centaur.

Vanquished Creatures
  A black bear (D:4)
  A sky beast (D:4)
  An ogre (D:3)
  A scorpion (D:4)
  A hound (D:3)
  An orc priest (D:4)
  An orc wizard (D:3)
  A sleepcap (D:4)
  3 gnolls (D:4)
  7 adders
  A shadow imp (D:3)
  A worm (D:4)
  6 orcs
  10 bats
  4 endoplasms
  A giant cockroach (D:3)
  A goblin (D:4)
  3 hobgoblins
  3 jackals (D:4)
  5 ball pythons
  2 ball python zombies (D:3)
  3 frilled lizards
  3 kobolds
  4 rats
65 creatures vanquished.

Notes
Turn   | Place    | Note
-------+----------+-------------------------------------------
     0 | D:1      | Dirtsage the Octopode Shapeshifter began the quest for the
                  | Orb.
     0 | D:1      | Reached XP level 1. HP: 13/13 MP: 1/1
  1154 | D:2      | Reached XP level 2. HP: 18/18 MP: 2/2
  1290 | D:2      | Found a faded altar of an unknown god.
  1360 | D:3      | Reached XP level 3. HP: 15/23 MP: 3/3
  1506 | D:3      | Noticed an ogre
  1514 | D:3      | Killed an ogre
  1515 | D:3      | Reached XP level 4. HP: 29/29 MP: 4/4
  1535 | D:3      | Reached XP level 5. HP: 16/34 MP: 5/5
  2083 | D:3      | Found a basalt altar of Yredelemnul.
  2271 | D:4      | Reached XP level 6. HP: 5/41 MP: 6/6
  2573 | D:4      | Noticed a black bear
  2577 | D:4      | Killed a black bear
  2578 | D:4      | Reached skill level 5 in Unarmed Combat
  2729 | D:4      | Reached skill level 5 in Shapeshifting
  2729 | D:4      | Reached XP level 7. HP: 46/46 MP: 7/7
  3247 | D:4      | HP: 2/46 [centaur (1)]
  3248 | D:4      | Slain by a centaur

Illustrated notes

Levels and vault maps discovered:
D:1:      dpeg_arrival_more_subterranean_lakeside_camping, layout_loops_ring,
          minmay_misc_feat_enclosed, st_stairs_5, minmay_misc_feat_alley
D:2:      layout_loops_cross, dreamdust_ecumenical_altar_hidden_monk_grotto,
          minmay_misc_feat_pillars
D:3:      layout_loops_ring, lemuel_zombie_altar_yredelemnul
D:4:      layout_rooms, serial_curves, eino_curves_03, eino_curves_04,
          roderic_batcave

Skill      XL: |  1  2  3  4  5  6 |
---------------+-------------------+-----
Fighting       | 2 3 |  3.4
Unarmed Combat | 4 5 |  5.7
Shapeshifting  | 4 5 |  5.3
Dodging        | |  2.0

Action                     |  1- 3 |  4- 6 |  7- 9 || total
---------------------------+-------+-------+-------++-------
  Melee: Unarmed           |    32 |    73 |    33 ||   138
         Constrict         |     7 |    14 |    11 ||    32
         Tentacles         |     2 |    11 |     9 ||    22
         Punch             |     1 |     3 |     2 ||     6
  Evoke: Wand              |     1 |       |       ||     1
   Stab: Sleeping          |     3 |     3 |       ||     6
         Distracted        |       |     1 |       ||     1
 Armour: Skin              |    10 |    39 |    24 ||    73
  Dodge: Dodged            |    20 |    37 |    14 ||    71

Table legend: (Time is in decaauts)
 A = Elapsed time spent in this place.
 B = Non-inter-level travel time spent in this place.
 C = Inter-level travel time spent in this place.
 D = Time resting spent in this place.
 E = Time spent auto-exploring this place.
 F = Levels seen in this place.
 G = Mean time per level.
                   A        B        C        D        E       F      G
               +--------+--------+--------+--------+--------+-----+--------+
         Total |   3236 |   3131 |    105 |      0 |   2713 |   4 |  809.0 |
       Dungeon |   3236 |   3131 |    105 |      0 |   2713 |   4 |  809.0 |
               +--------+--------+--------+--------+--------+-----+--------+

Top non-repeatable levels by time:
     D:4: 962 daAuts
     D:3: 941 daAuts
     D:1: 717 daAuts
     D:2: 615 daAuts
